 Dungeon Crawl Stone Soup version 0.28-a0-1555-g9ae15a6949 (webtiles) character file.

Game seed: 10571709254648306334

58 funkygono the Slasher (level 4, -2/35 HPs)
             Began as a Human Cinder Acolyte on Jan 18, 2022.
             Was an Elder of Ignis.
             Frozen to death by an endoplasm (5 damage)
             ... on level 2 of the Dungeon.
             The game lasted 00:02:32 (1299 turns).

funkygono the Slasher (Human Cinder Acolyte)        Turns: 1299, Time: 00:02:34

Health: -2/35      AC:  2    Str: 16    XL:     4   Next: 21%
Magic:  5/5        EV: 11    Int: 15    God:    Ignis [****..]
Gold:   40         SH:  0    Dex:  8    Spells: 3/5 levels left

rFire   + . .      SeeInvis .   a - -1 falchion (flame)
rCold   . . .      Faith    .   (no shield)
rNeg    . . .      Spirit   .   b - +0 robe
rPois   .          Reflect  .   (no helmet)
rElec   .          Harm     .   (no cloak)
rCorr   .          Rampage  .   (no gloves)
Will    .....                   (no boots)
Stlth   +.........              (no amulet)
HPRegen 0.11/turn               (no ring)
MPRegen 0.09/turn               (no ring)

@: lethally poisoned (-2 -> -11)
A: no striking features
a: Renounce Religion, Fiery Armour, Foxfire Swarm, Rising Flame


You were on level 2 of the Dungeon.
You worshipped Ignis.
Ignis was greatly pleased with you.
You visited 1 branch of the dungeon, and saw 2 of its levels.

You collected 40 gold pieces.

Inventory:

Hand Weapons
 a - a -1 falchion of flaming (weapon)
Missiles
 c - 28 stones (quivered)
Armour
 b - a +0 robe (worn)
Potions
 d - a potion of magic {unknown}
 e - a potion of degeneration {unknown}
 f - a potion of flight {unknown}


   Skills:
 + Level 3.4 Fighting
 + Level 3.7 Long Blades
 + Level 0.1 Dodging
 + Level 1.0 Spellcasting
 + Level 3.7 Fire Magic


You had 3 spell levels left.
You knew the following spells:

 Your Spells              Type           Power      Damage    Failure   Level
a - Scorch                Fire           22%        2d6       9%          2

Your spell library contained the following spells:

 Spells                   Type           Power      Damage    Failure   Level


Dungeon Overview and Level Annotations

Branches:
Dungeon (2/15)

Altars:

Shops:
D:1 :![=


Message History

Your fiery armour burns out.
A goblin comes into view. It is wielding a +0 club.
The goblin shouts!
An adder and a hobgoblin come into view.
The adder hisses angrily.
An endoplasm comes into view.
The hobgoblin shouts!
The endoplasm quivers.
The endoplasm jiggles.
You hit the goblin. You burn the goblin.
You kill the goblin!
You closely miss the adder. The adder bites you.
You are poisoned.
The adder poisons you!
You closely miss the adder.
You feel sick. The adder bites you.
You completely miss the adder.
You feel sick. The adder bites you.
You are more poisoned.
The adder poisons you! The adder bites you but does no damage.
You closely miss the adder.
You feel very sick. The adder bites you.
You are more poisoned.
The adder poisons you!
You slash the adder! You burn the adder.
The adder is almost dead.
You feel sick. The adder barely misses you. The adder bites you.
* * * LOW HITPOINT WARNING * * *
You are more poisoned.
The adder poisons you!
You hit the adder. You burn the adder.
You kill the adder!
* * * LOW HITPOINT WARNING * * *
You feel very sick.
You hit the endoplasm. You burn the endoplasm.
The endoplasm is heavily wounded.
* * * LOW HITPOINT WARNING * * *
You feel sick. The endoplasm freezes you.
You are frozen.
You die...

.##...[[#
......(.#####.#
#........... .
#....#####.#
#..#.....##
#........#
##....<#g#
##....#J#
#..###@# #...
#.# #... ...
..... #....
#.... ......
###. ........
.........
........##.


You could see an endoplasm and a hobgoblin.

Vanquished Creatures
  2 adders (D:2)
  2 ball pythons (D:1)
  3 endoplasms (D:1)
  2 giant cockroaches (D:1)
  4 goblins
  4 hobgoblins (D:1)
  3 jackals (D:1)
  A quokka (D:1)
  2 bats (D:1)
  9 frilled lizards (D:1)
  5 kobolds (D:1)
  3 rats (D:1)
40 creatures vanquished.

Vanquished Creatures (others)
  8 plants (D:1)
8 creatures vanquished.

Grand Total: 48 creatures vanquished

Notes
Turn   | Place    | Note
-------+----------+-------------------------------------------
     0 | D:1      | funkygono the Human Cinder Acolyte began the quest for the
                  | Orb.
     0 | D:1      | Reached XP level 1. HP: 18/18 MP: 2/2
    69 | D:1      | Found Urchy's Distillery.
   547 | D:1      | Reached XP level 2. HP: 24/24 MP: 3/3
   558 | D:1      | Learned a level 2 spell: Scorch
   608 | D:1      | Found Voishop's Book Shoppe.
   627 | D:1      | Reached XP level 3. HP: 28/29 MP: 4/4
   775 | D:1      | Found Fiyzuk's Jewellery Shoppe.
   779 | D:1      | Found Gagreqemp's Antique Armour Emporium.
  1154 | D:2      | Reached XP level 4. HP: 26/35 MP: 5/5
  1299 | D:2      | Frozen to death by an endoplasm

Illustrated notes

Levels and vault maps discovered:
D:1:      pf_arrival_petrified_forest, layout_basic, serial_shops, shop, shop,
          nicolae_shop_behind_doors, shop, minmay_lizard_king
D:2:      layout_rooms, dreamdust_ecumenical_altar_drowned_temple,
          grunt_ministairs_15, uniq_jessica

Action                   |  1- 3 |  4- 6 || total
-------------------------+-------+-------++-------
Melee: Falchion          |    57 |     8 ||    65
 Cast: Scorch            |     3 |       ||     3
Invok: Fiery Armour      |     3 |       ||     3
Armor: Robe              |    18 |     1 ||    19
Dodge: Dodged            |    21 |     1 ||    22

Table legend: (Time is in decaauts)
 A = Elapsed time spent in this place.
 B = Non-inter-level travel time spent in this place.
 C = Inter-level travel time spent in this place.
 D = Time resting spent in this place.
 E = Time spent auto-exploring this place.
 F = Levels seen in this place.
 G = Mean time per level.
                   A        B        C        D        E       F      G
               +--------+--------+--------+--------+--------+-----+--------+
         Total |   1306 |   1270 |     36 |      0 |   1064 |   2 |  653.0 |
       Dungeon |   1306 |   1270 |     36 |      0 |   1064 |   2 |  653.0 |
               +--------+--------+--------+--------+--------+-----+--------+

Top non-repeatable levels by time:
     D:1: 1154 daAuts
     D:2: 152 daAuts
